 Dungeon Crawl Stone Soup version 0.30.1-9-gdf580d7c3d (webtiles) character file.

Game seed: 1468603414443743125

19 leafyfresh the Digger (level 2, 0/17 HPs)
             Began as an Octopode Earth Elementalist on Oct 12, 2023.
             Slain by a jackal (3 damage)
             ... on level 1 of the Dungeon.
             The game lasted 00:00:41 (548 turns).

leafyfresh the Digger (Octopode Earth Elementalist)  Turns: 548, Time: 00:00:41

Health: 0/17       AC:  1    Str:  7    XL:     2   Next: 75%
Magic:  4/5        EV: 13    Int: 17    God:
Gold:   29         SH:  0    Dex: 12    Spells: 5/6 levels left

rFire   . . .        b - +0 dagger
rCold   . . .        (no shield)
rNeg    . . .        (helmet restricted)
rPois   .            (no amulet)
rElec   .            (no ring)
rCorr   .            (no ring)
SInv    .            (no ring)
Will    .....        (no ring)
Stlth   +++          (no ring)
HPRegen 0.22/turn    (no ring)
MPRegen 0.09/turn    (no ring)
                     (no ring)

%: no passive effects
@: no status effects
A: almost no armour, amphibious, 8 rings, camouflage 1, gelatinous body 1,
(nimble swimmer 1), tentacles
a: no special abilities


You were on level 1 of the Dungeon.
You visited 1 branch of the dungeon, and saw 1 of its levels.

You collected 29 gold pieces.

Inventory:

Hand Weapons
 b - a +0 dagger (weapon)
Potions
 a - a potion of magic


   Skills:
 - Level 2.0 Dodging
 - Level 2.6 Stealth
 + Level 2.5 Spellcasting
 - Level 1.0 Transmutations
 + Level 3.4 Earth Magic


You had 5 spell levels left.
You knew the following spells:

 Your Spells              Type           Power      Damage    Failure   Level
a - Sandblast             Erth           28%        2d8       4%          1

Your spell library contained the following spells:

 Spells                   Type           Power      Damage    Failure   Level
 Passwall                 Tmut/Erth      7%         N/A       11%         2
 Stone Arrow              Conj/Erth      16%        3d8       26%         3
 Petrify                  Tmut/Erth      9%         N/A       58%         4


Dungeon Overview and Level Annotations

Branches:
Dungeon (1/15)

Altars:


Innate Abilities, Weirdness & Mutations

You cannot wear most types of armour.
You are amphibious.
You can wear up to eight rings at the same time.
Your skin changes colour to match your surroundings (Stealth+).
Your rubbery body absorbs attacks. (AC +1, EV +1)
((You are camouflaged when in or above water. (Stealth+)))
You have tentacles for arms and can constrict up to eight enemies at once.


Message History

The rat closely misses you.
You hit the rat.
The rat is heavily wounded.
You constrict the rat.
You kill the rat!
A jackal and a ball python come into view.
The ball python hisses angrily.
There are monsters nearby!
There are monsters nearby!
There are monsters nearby!
The ball python bites you. The ball python barely misses you.
A ball python is nearby!
You barely miss the ball python. You grab the ball python.
You squeeze the ball python.
You kill the ball python!
No target in view!
You see here a ball python corpse.
A jackal is nearby!
A jackal comes into view.
The jackal barks!
You hear a bark!
You hear a shout!
The jackal barks!
There are monsters nearby!
A jackal comes into view.
Found 6 stones.
The jackal bites you.
You hit the jackal but do no damage. Your grab misses the jackal.
Your squeeze misses the jackal. The jackal closely misses you. x2
The jackal bites you. x2
You hit the jackal. Your grab misses the jackal.
The jackal is moderately wounded.
The jackal bites you. x2; The jackal closely misses you.
You are too injured to fight recklessly!
Casting: Sandblast (safe; 4% risk of failure)
Confirm with . or Enter, or press ? or * to list all spells.
Aiming: Sandblast (safe; 4% risk of failure)
Press: ? - help, Shift-Dir - straight line, f - jackal
Aim: a jackal (77% to hit)
The blast of sand hits the jackal but does no damage.
The jackal bites you. x2
* * * LOW HITPOINT WARNING * * *
The jackal bites you.
You die...

#....#.#....##.#.#...........
#.#..#.#....##.#.............
... .................... #..
.# .#........†.........###..
#.###..##............... #.
#..##.#.##.#.. #.#..
#.###..##.#.# #..
......h.....##.# ##.
......h@.......# #.
..##..h##.#.##.# ##.
................. #..
..................####..
..##...####............. (
#... ####.......... #...
#..####... .... #.........
#.........


You could see 3 jackals.

Vanquished Creatures
  A bat (D:1)
  2 endoplasms (D:1)
  2 giant cockroaches (D:1)
  A goblin (D:1)
  3 hobgoblins (D:1)
  2 jackals (D:1)
  A quokka (D:1)
  2 ball pythons (D:1)
  A kobold (D:1)
  A rat (D:1)
16 creatures vanquished.

Notes
Turn   | Place    | Note
-------+----------+-------------------------------------------
     0 | D:1      | leafyfresh the Octopode Earth Elementalist began the quest
                  | for the Orb.
     0 | D:1      | Reached XP level 1. HP: 11/11 MP: 3/3
   263 | D:1      | Reached XP level 2. HP: 16/17 MP: 3/5
   548 | D:1      | Slain by a jackal

Illustrated notes

Levels and vault maps discovered:
D:1:      roderic_crop_circles_arrival_small, layout_basic

Action                     || total
---------------------------++-------
  Melee: Dagger            ||    29
         Constrict         ||     8
         Tentacles         ||     8
         Unarmed           ||     1
   Cast: Sandblast         ||    10
 Armour: Skin              ||     4
  Dodge: Dodged            ||    25
